Map: Ever Dream LE

Players

TYTY (TY)

  • Race: Terran Terran
  • League: Master
  • Spawn Location: 7:00

Reynor - Winner!

  • Race: Zerg Zerg
  • League: Master
  • Spawn Location: 1:00

Event: DreamHack SC2 Masters 2020 Fall

VOD

Have the link to the VOD?

Description

Time

  • Played on: Sept. 19, 2020, 12:02 p.m.
  • Length: 9:26

All games in this series

Show
View Real Time Build Order
Export as new Build Order

TYTY Terran 

Build Orders: Reaper Expand 

Get SALT Encoding   

  12  0:00  SCV  
  13  0:12  SCV  
  14  0:16  Supply Depot  
  14  0:24  SCV  
  15  0:38  SCV  
  15  0:40  Barracks  
  16  0:43  Refinery  
  16  0:50  SCV  
  17  1:02  SCV  
  18  1:14  SCV  
  19  1:27  Reaper  
  19  1:28  Orbital Command  
  20  1:37  Command Center  
  20  1:48  Supply Depot  
  20  1:54  SCV  
  21  1:59  Marine  
  22  2:04  Factory  
  22  2:06  SCV  
  23  2:18  SCV  
  23  2:21  Barracks Reactor  
  24  2:30  SCV  
  24  2:36  Command Center  
  26  2:50  Barracks  
  26  2:51  Factory Reactor  
  26  2:53  Orbital Command  
  26  2:56  SCV  
  26  2:59  Marine  
  26  3:03  Marine  
  28  3:08  SCV  
  29  3:17  Marine  
  30  3:20  SCV x2  
  30  3:21  Marine  
  33  3:28  Hellion  
  33  3:30  Hellion  
  33  3:32  SCV  
  38  3:34  SCV  
  38  3:37  Marine  
  38  3:39  Barracks Tech Lab, Marine  
  41  3:44  SCV  
  42  3:48  Supply Depot  
  42  3:49  Hellion, SCV  
  46  3:58  SCV  
  46  3:59  Orbital Command  
  46  4:00  Marine x2  
  46  4:01  SCV, Marine  
  50  4:03  Stimpack  
  50  4:10  SCV  
  50  4:13  SCV  
  52  4:17  Starport  
  52  4:18  Marine x2  
  52  4:21  Supply Depot  
  52  4:22  Marine  
  52  4:23  SCV  
  56  4:25  SCV  
  56  4:26  SCV  
  56  4:30  Refinery  
  58  4:32  Refinery  
  58  4:34  Factory Tech Lab  
  58  4:35  SCV  
  58  4:37  Supply Depot  
  58  4:38  SCV x2, Marine  
  61  4:39  Marine  
  61  4:44  Marine  
  61  4:45  Orbital Command  
  64  4:47  SCV  
  66  4:55  SCV  
  66  4:57  Medivac  
  66  4:58  Barracks  
  66  4:59  SCV  
  69  5:01  Supply Depot  
  69  5:02  Marine x2  
  69  5:05  Medivac, Supply Depot  
  73  5:08  SCV  
  73  5:11  SCV x2  
  73  5:13  Supply Depot  
  76  5:14  Engineering Bay  
  76  5:20  SCV  
  77  5:22  Siege Tank  
  77  5:23  SCV, Marine x3  
  77  5:27  SCV  
  85  5:32  SCV  
  86  5:37  Barracks, SCV  
  86  5:38  Barracks  
  86  5:40  Marine  
  86  5:42  SCV, Terran Infantry Weapons Level 1  
  89  5:43  Marine  
  89  5:44  SCV  
  89  5:48  Marine  
  91  5:51  Combat Shield  
  91  5:57  SCV x2  
  91  5:58  Starport Reactor, SCV, Marine  
  91  5:59  Supply Depot  
  91  6:01  Marine x3  
  98  6:06  Marine  
  98  6:08  Supply Depot  
  98  6:09  Siege Tank, SCV  
  105  6:17  Marine  
  106  6:18  Marine  
  106  6:19  Marine  
  106  6:21  SCV x3  
  106  6:22  Supply Depot  
  106  6:24  Supply Depot  
  103  6:33  Marine  
  103  6:34  Marine x2  
  103  6:35  Barracks x2  
  103  6:36  Marine  
  103  6:37  Marine  
  103  6:39  Barracks Reactor  
  106  6:40  SCV x2  
  106  6:41  SCV  
  106  6:43  Siege Tank  
  106  6:45  Marine  
  106  6:46  Marine  
  114  6:51  Marine  
  114  6:52  Marine x2  
  118  6:54  Supply Depot, Marine x2  
  118  6:57  Starport Reactor  
  118  6:59  Barracks  
  119  7:03  Marine x2  
  121  7:09  Marine x2  
  121  7:15  Siege Tank, Marine  
  126  7:16  Marine x4  
  126  7:21  Supply Depot, Marine x2  
  133  7:27  Marine x2  
  129  7:31  Marine x2  
  129  7:33  Medivac x2, Marine  
  129  7:34  Marine x4  
  143  7:39  Marine x2  
  142  7:45  Marine x2  
  142  7:47  Marine  
  142  7:49  Marine x2  
  142  7:50  Siege Tank  
  150  7:51  Marine x5  
  150  7:57  Marine x2  
  152  8:10  Supply Depot x2  
  152  8:12  Marine x5  
  157  8:13  Supply Depot  
  157  8:28  Medivac, Marine  
  157  8:32  Siege Tank, Marine x11  
  171  8:39  Medivac, Supply Depot x2  
  167  8:46  Marine  
  167  8:47  SCV x2  
  156  8:50  Marine x11  
  122  9:04  Marine  
  122  9:07  Marine x11  
Show
View Real Time Build Order
Export as new Build Order

Reynor Zerg - Winner!

Build Orders: Hatch First 

Get SALT Encoding   

  12  0:00  Drone  
  13  0:12  Overlord  
  13  0:17  Drone  
  14  0:30  Drone x2  
  16  0:48  Hatchery  
  15  0:52  Drone  
  15  0:55  Drone  
  17  0:59  Drone  
  18  1:09  Extractor  
  17  1:16  Spawning Pool  
  16  1:19  Drone  
  16  1:22  Drone  
  18  1:27  Drone  
  19  1:39  Drone  
  20  1:49  Overlord  
  20  2:02  Queen x2  
  20  2:03  Zergling x4  
  26  2:10  Drone  
  26  2:13  Drone  
  28  2:21  Drone x2  
  30  2:32  Metabolic Boost  
  30  2:37  Hatchery  
  30  2:39  Drone  
  30  2:41  Drone  
  31  2:48  Queen  
  33  2:54  Overlord  
  33  2:56  Drone  
  33  2:57  Drone  
  35  3:01  Drone  
  36  3:13  Drone x4  
  36  3:14  Drone  
  36  3:15  Drone  
  42  3:20  Overlord  
  42  3:24  Queen  
  44  3:36  Overlord  
  44  3:39  Drone x2  
  46  3:45  Drone  
  46  3:47  Zergling x4  
  51  3:48  Drone x2  
  51  3:50  Queen  
  51  3:51  Drone  
  54  3:56  Zergling x4  
  54  3:57  Zergling x2  
  54  3:58  Drone, Queen  
  54  4:00  Overlord  
  60  4:04  Drone  
  61  4:11  Evolution Chamber  
  61  4:13  Drone x2, Queen  
  61  4:14  Extractor  
  61  4:16  Zergling x4  
  64  4:17  Zergling x2  
  64  4:21  Zergling x4  
  64  4:23  Drone x2  
  69  4:26  Baneling Nest  
  69  4:31  Overlord  
  69  4:34  Drone x2  
  69  4:36  Zergling x2  
  69  4:38  Drone  
  73  4:41  Overlord  
  73  4:46  Drone, Lair  
  73  4:50  Overlord  
  74  4:57  Drone x6  
  74  4:58  Queen  
  82  5:04  Overlord  
  82  5:05  Zergling x4  
  82  5:06  Zergling x2  
  85  5:09  Zergling x2  
  85  5:11  Zergling x2  
  85  5:12  Queen  
  89  5:16  Drone x2, Evolution Chamber  
  89  5:18  Drone  
  90  5:21  Drone x2  
  90  5:23  Zergling x2  
  93  5:30  Zergling x2  
  93  5:31  Zergling x4  
  93  5:33  Baneling x4  
  93  5:35  Evolution Chamber  
  95  5:37  Hatchery  
  95  5:40  Drone x3  
  97  5:43  Extractor, Zerg Ground Armor Level 1, Overlord  
  97  5:47  Drone x3  
  97  5:48  Drone  
  99  5:54  Spore Crawler  
  99  5:55  Spore Crawler, Centrifical Hooks  
  97  5:58  Drone, Spore Crawler  
  97  6:02  Zergling x10  
  102  6:07  Zerg Melee Weapons Level 1  
  102  6:08  Drone  
  103  6:13  Zergling x4  
  103  6:17  Drone  
  103  6:18  Drone  
  105  6:24  Overlord  
  103  6:27  Drone  
  103  6:28  Drone x3  
  105  6:33  Zergling x2  
  105  6:36  Overlord  
  106  6:41  Overlord  
  106  6:45  Drone x4  
  106  6:46  Drone  
  110  6:49  Baneling x6  
  110  6:50  Zergling x2  
  110  6:51  Zergling x6  
  114  6:54  Zergling x6  
  114  6:56  Hatchery  
  114  6:58  Zergling x2  
  114  7:01  Baneling x7  
  117  7:02  Overlord  
  117  7:03  Zergling x2  
  117  7:05  Zergling x2  
  119  7:10  Drone  
  119  7:12  Zergling x2  
  119  7:15  Zergling x8  
  125  7:17  Overlord  
  125  7:19  Baneling x6  
  125  7:27  Zergling x22  
  129  7:31  Zergling x2  
  129  7:34  Drone, Queen  
  129  7:35  Drone x2  
  133  7:40  Zergling x2  
  133  7:43  Zergling x12  
  140  7:45  Overlord  
  140  7:47  Zergling x2  
  140  7:48  Baneling x2  
  141  7:51  Zergling x2  
  141  7:52  Zergling x2  
  141  7:57  Zergling x2  
  144  7:59  Overlord  
  141  8:05  Zergling x10  
  148  8:13  Zergling x18  
  148  8:15  Overlord  
  148  8:17  Zergling x2, Hatchery  
  148  8:18  Drone x2  
  148  8:19  Drone  
  156  8:20  Queen  
  156  8:25  Zergling x2  
  159  8:32  Zergling x8  
  158  8:37  Baneling x10  
  158  8:39  Zergling x12, Unknown  
  160  8:42  Zergling x16  
  164  8:49  Zergling x2  
  164  8:51  Zergling x2  
  164  8:54  Zergling x10  
  164  8:55  Zergling x2  
  160  8:59  Zergling x2  
  160  9:02  Zergling x2  
  150  9:06  Zergling x6  

Tags
 
Add a new tag
Caveats
  • Supply blocks, unpowered buildings, or Contaminate may cause inaccurate times.
  • Supply counts are checked every 10 seconds.